 Dungeon Crawl Stone Soup version 0.29-a0-887-gcbe080d7e0 (webtiles) character file.

Game seed: 18383772335959214098

19432 funkygono the Geomancer (level 12, -14/71 HPs)
             Began as a Gargoyle Earth Elementalist on July 20, 2022.
             Was a Priest of Vehumet.
             Demolished by a komodo dragon (22 damage)
             ... on level 3 of the Lair of Beasts on July 21, 2022.
             The game lasted 00:34:26 (13544 turns).

funkygono the Geomancer (GrEE)                     Turns: 13544, Time: 00:34:27

Health: -14/71     AC: 21    Str: 15    XL:     12   Next: 68%
Magic:  6/36       EV: 11    Int: 21    God:    Vehumet [***...]
Gold:   1581       SH:  0    Dex: 19    Spells: 17/34 levels left

rFire   + + +      SeeInvis .   z - +7 mace (chaos)
rCold   x x .      Faith    .   (no shield)
rNeg    + + +      Spirit   .   r - +0 fire dragon scales "Payrut" {+Blink rF++ rC- Str+3 Dex+4 Slay-2}
rPois   ∞          Reflect  .   s - +1 helmet
rElec   +          Harm     .   x - +1 cloak
rCorr   .          Rampage  .   (no gloves)
Will    .....                   (no boots)
Stlth   ++........              c - amulet of regeneration
HPRegen 1.01/turn               j - ring of Caunuogem {Fire rElec rN++ Slay-5 Stlth+}
MPRegen 0.25/turn               k - ring of Qitsour {Wiz rPois MP+9 Dex+5}

@: no status effects
A: sickness immunity, AC +8, negative energy resistance 1, electricity
resistance, torment resistance 1, petrification resistance
a: Renounce Religion, Evoke Blink


You were on level 3 of the Lair of Beasts.
You worshipped Vehumet.
Vehumet was most pleased with you.
You visited 3 branches of the dungeon, and saw 14 of its levels.
You also visited: Bailey.

You collected 1629 gold pieces.
You spent 48 gold pieces at shops.

Inventory:

Hand Weapons
 f - a +3 flail of draining
 z - a +7 mace of chaos (weapon)
Missiles
 w - 2 throwing nets
Armour
 r - the +0 fire dragon scales "Payrut" (worn) {+Blink rF++ rC- Str+3 Dex+4 Slay-2}
   (You acquired it on level 2 of the Lair of Beasts)

   Str:       It affects your strength (+3).
   Dex:       It affects your dexterity (+4).
   Slay:      It affects your accuracy & damage with ranged weapons and melee
   (-2).
   rF:        It greatly protects you from fire.
   rC:        It makes you vulnerable to cold.
   +Blink:    It lets you blink.
 s - a +1 helmet (worn)
 x - a +1 cloak (worn)
 E - +1 steam dragon scales
 K - +1 acid dragon scales
Magical Staves
 t - a staff of poison
Jewellery
 c - an amulet of regeneration (around neck)
 j - the ring of Caunuogem (left hand) {Fire rElec rN++ Slay-5 Stlth+}
   (You found it on level 2 of the Dungeon)

   [ring of fire]

   It enhances your fire magic.
   Slay:      It affects your accuracy & damage with ranged weapons and melee
   (-5).
   rF:        It protects you from fire.
   rC:        It makes you vulnerable to cold.
   rElec:     It insulates you from electricity.
   rN:        It greatly protects you from negative energy.
   Stlth:     It makes you more stealthy.
 k - the ring of Qitsour (right hand) {Wiz rPois MP+9 Dex+5}
   (You took it off a gnoll on level 4 of the Dungeon)

   [ring of wizardry]

   It improves your spell success rate.
   Dex:       It affects your dexterity (+5).
   rPois:     It protects you from poison.
   MP:        It affects your magic capacity (+9).
 n - a ring of protection from cold
 q - a ring of fire
 A - a ring of resist corrosion
 B - an amulet of magic regeneration
Wands
 u - a wand of digging (3)
 I - a wand of flame (14)
Scrolls
 d - 4 scrolls of amnesia
 e - 17 scrolls of teleportation
 o - a scroll of identify
 p - a scroll of fear
 F - 2 scrolls of magic mapping
 G - a scroll of blinking
 L - a scroll of summoning
Potions
 a - 3 potions of haste
 b - 2 potions of magic
 g - a potion of heal wounds
 h - 4 potions of might
 i - 10 potions of curing
 l - 8 potions of mutation
 m - a potion of invisibility
 v - a potion of flight
 C - 3 potions of brilliance
 D - a potion of resistance


   Skills:
 + Level 6.5 Fighting
 + Level 1.2 Maces & Flails
 + Level 2.5 Armour
 + Level 4.1 Dodging
 - Level 2.1 Stealth
 + Level 11.7 Spellcasting
 + Level 7.7 Conjurations
 + Level 0.7 Transmutations
 + Level 4.0 Fire Magic
 + Level 14.3 Earth Magic


You had 17 spell levels left.
You knew the following spells:

 Your Spells              Type           Power      Damage    Failure   Level
a - Sandblast             Erth           100%       2d20      1%          1
b - Passwall              Tmut/Erth      35%        N/A       1%          2
c - Stone Arrow           Conj/Erth      100%       3d13      1%          3
d - Flame Wave            Conj/Fire      53%        2d11      3%          4
e - Mephitic Cloud        Conj/Pois/Air  23%        N/A       3%          3
f - Iskenderun's Mystic   Conj/Tloc      28%        2d7       7%          4

Your spell library contained the following spells:

 Spells                   Type           Power      Damage    Failure   Level
 Scorch                   Fire           86%        2d9       1%          2
 Freeze                   Ice            48%        1d7       3%          1
 Poisonous Vapours        Pois/Air       24%        N/A       4%          2
 Petrify                  Tmut/Erth      43%        N/A       5%          4
 Hailstorm                Conj/Ice       28%        3d8       7%          4
 Sting                    Tmut/Pois      52%        1d5       10%         1
 Frozen Ramparts          Ice            24%        1d4       10%         3
 Irradiate                Conj/Tmut      15%        3d16      14%         5
 Olgreb's Toxic Radiance  Pois           12%        N/A       26%         4
 Ozocubu's Armour         Ice            12%        N/A       32%         3
 Metabolic Englaciation   Hex/Ice        6%         N/A       95%         5
 Simulacrum               Ice/Necr       6%         N/A       100%        6
 Summon Cactus Giant      Summ           6%         N/A       100%        6
 Sublimation of Blood     Necr           Unusable   N/A       N/A         2

Dungeon Overview and Level Annotations

Branches:
Dungeon (10/15)            Temple (1/1) D:7            Lair (3/5) D:8
  Swamp (0/4) Lair:2          Orc (0/2) D:10         Bailey (visited)
  Snake: Lair:2-3    Spider: Lair:2-3

Altars:
Ashenzari
Cheibriados
Dithmenos
Elyvilon
Fedhas
Gozag
Hepliaklqana
Kikubaaqudgha
Makhleb
Nemelex Xobeh
Okawaru
Qazlal
Ru
Sif Muna
Trog
Uskayaw
Vehumet
Wu Jian
Xom
Yredelemnul
Zin
The Shining One

Shops:
D:4 ?   D:9 [

Annotations:
D:8 3 runed translucent doors, Megustar's ghost, novice DEFE


Innate Abilities, Weirdness & Mutations

You are immune to sickness and miasma.
Your stone body is resilient. (AC +8)
You are immune to poison.
You resist negative energy. (rN+)
You are resistant to electric shocks. (rElec)
You are resistant to unholy torment.
You are immune to petrification.


Message History

Casting: Iskenderun's Mystic Blast (dangerous; 7% risk of failure)
Confirm with . or Enter, or press ? or * to list all spells.
Aiming: Sandblast (safe; 1% risk of failure)
Press: ? - help, Shift-Dir - straight line, f/p - komodo dragon
Aim: a komodo dragon (heavily wounded, 88% to hit)
The blast of sand misses the komodo dragon.
The komodo dragon barely misses you.
Casting: Sandblast (safe; 1% risk of failure)
Confirm with . or Enter, or press ? or * to list all spells.
Aiming: Sandblast (safe; 1% risk of failure)
Press: ? - help, Shift-Dir - straight line, f/p - komodo dragon
Aim: a komodo dragon (heavily wounded, 88% to hit)
The blast of sand hits the komodo dragon.
The komodo dragon is severely wounded.
The dream sheep barely misses you. The komodo dragon bites you.
The dream sheep bites you but does no damage.
The komodo dragon bites you!
* * * LOW HITPOINT WARNING * * *
Unknown command.
Casting: Sandblast (safe; 1% risk of failure)
Confirm with . or Enter, or press ? or * to list all spells.
Aiming: Sandblast (safe; 1% risk of failure)
Press: ? - help, Shift-Dir - straight line, f/p - komodo dragon
Aim: a komodo dragon (severely wounded, 88% to hit)
The blast of sand misses the komodo dragon.
The dream sheep misses you. The komodo dragon bites you.
* * * LOW HITPOINT WARNING * * *
The dream sheep barely misses you.
The komodo dragon hisses menacingly.
The komodo dragon bites you but does no damage.
Casting: Sandblast (safe; 1% risk of failure)
Confirm with . or Enter, or press ? or * to list all spells.
Aiming: Sandblast (safe; 1% risk of failure)
Press: ? - help, Shift-Dir - straight line, f/p - komodo dragon
Aim: a komodo dragon (severely wounded, 88% to hit)
The blast of sand hits the komodo dragon!
The komodo dragon is almost dead.
The dream sheep bites you but does no damage.
The komodo dragon bites you!!
You die...

#..............#
###...........##
##..........P#
#..........##
#...........#
##.........##
##........#
#........#
##...@...#
##.lY...#
#......##
.....†.##
).......##
.###..... .##...
## ##..


You could see a komodo dragon and a dream sheep.

Vanquished Creatures
  2 hydras (Lair:1)
  2 two-headed ogres
  2 bog bodies (Lair:2)
  A manticore (D:9)
  A deep elf pyromancer (D:9)
  2 black mambas (Lair:1)
  7 cane toads
  Psyche (D:8)
  2 komodo dragons (Lair:1)
  A troll (D:10)
  A polar bear (Lair:1)
  A hornet (D:9)
  7 blink frogs
  3 dream sheep (Lair:3)
  A shadow (D:10)
  5 spriggans (Bailey)
  A wraith (D:10)
  13 yaks
  Eustachio (D:4)
  3 steam dragons
  A basilisk (Lair:2)
  An acid dragon (D:8)
  A water moccasin (Lair:1)
  5 orc warriors
  2 ice beasts
  2 black bears
  2 sky beasts
  10 ogres
  A centaur (D:7)
  7 kobold brigands
  Blork the orc (D:4)
  8 bullfrogs
  3 gnoll sergeants
  3 scorpions
  8 wights (D:7)
  10 killer bees
  4 howler monkeys (D:7)
  6 hounds
  3 gnoll boudas
  3 orc priests
  Crazy Yiuf (D:5)
  3 iguanas
  Natasha (thrice) (D:2)
  14 orc wizards
  22 gnolls
  8 adders
  2 white imps
  An ufetubus (D:5)
  A worm (D:5)
  A dart slug (D:4)
  45 orcs
  5 endoplasms
  3 giant cockroaches
  6 goblins
  9 hobgoblins
  6 jackals (D:1)
  23 kobolds
  A quokka (D:1)
  8 ball pythons
  7 frilled lizards
  11 rats
318 creatures vanquished.

Vanquished Creatures (others)
  6 fungi
  6 plants
12 creatures vanquished.

Grand Total: 330 creatures vanquished

Notes
Turn   | Place    | Note
-------+----------+-------------------------------------------
     0 | D:1      | funkygono the Gargoyle Earth Elementalist began the quest
                  | for the Orb.
     0 | D:1      | Reached XP level 1. HP: 10/10 MP: 3/3
   149 | D:1      | Reached skill level 4 in Earth Magic
   225 | D:1      | Reached XP level 2. HP: 16/16 MP: 0/5
   228 | D:1      | Learned a level 2 spell: Passwall
  1022 | D:1      | Reached XP level 3. HP: 20/20 MP: 2/6
  1026 | D:1      | Learned a level 3 spell: Stone Arrow
  1280 | D:2      | Identified the ring of Caunuogem {Fire rElec rN++ Slay-5
                  | Stlth+}
  1359 | D:2      | Reached skill level 1 in Fighting
  1448 | D:2      | Noticed Natasha
  1473 | D:2      | Killed Natasha
  1474 | D:2      | Reached XP level 4. HP: 17/25 MP: 2/8
  1861 | D:2      | Noticed Natasha
  1865 | D:2      | Killed Natasha
  1866 | D:2      | Reached skill level 5 in Earth Magic
  1983 | D:2      | Reached XP level 5. HP: 26/29 MP: 5/9
  2084 | D:2      | Found a faded altar of an unknown god.
  2479 | D:2      | Noticed Natasha
  2481 | D:2      | Killed Natasha
  3295 | D:3      | Noticed a black bear
  3299 | D:3      | Killed a black bear
  3300 | D:3      | Reached XP level 6. HP: 35/35 MP: 7/12
  3700 | D:4      | Identified the ring of Qitsour {Wiz rPois MP+9 Dex+5}
  3705 | D:4      | Reached skill level 6 in Earth Magic
  3808 | D:4      | Reached XP level 7. HP: 40/40 MP: 10/14
  3857 | D:4      | Found Ylle's Magic Scroll Emporium.
  3858 | D:4      | Noticed Eustachio
  3868 | D:4      | Killed Eustachio
  3869 | D:4      | Reached skill level 5 in Spellcasting
  3946 | D:4      | Bought a scroll of identify for 24 gold pieces
  3946 | D:4      | Bought a scroll of identify for 24 gold pieces
  3991 | D:4      | Noticed Blork the orc
  3995 | D:4      | Killed Blork the orc
  4299 | D:4      | Reached skill level 7 in Earth Magic
  4696 | D:5      | Entered Level 5 of the Dungeon
  4717 | D:5      | Found a runed translucent door.
  4718 | D:5      | Noticed Crazy Yiuf
  4776 | D:5      | Reached XP level 8. HP: 45/45 MP: 16/16
  5574 | D:5      | Killed Crazy Yiuf
  5722 | D:6      | Reached skill level 8 in Earth Magic
  6319 | D:6      | Reached XP level 9. HP: 48/52 MP: 19/19
  6643 | D:7      | Reached skill level 9 in Earth Magic
  6762 | D:7      | Reached skill level 5 in Fighting
  6925 | D:7      | Reached skill level 10 in Earth Magic
  7198 | D:7      | Found a blossoming altar of Fedhas.
  7201 | D:7      | Found a shadowy altar of Dithmenos.
  7203 | D:7      | Found a hide-covered altar of Uskayaw.
  7208 | D:7      | Found an ornate altar of the Wu Jian Council.
  7434 | D:7      | Found a staircase to the Ecumenical Temple.
  7450 | Temple   | Entered the Ecumenical Temple
  7508 | Temple   | Became a worshipper of Vehumet
  7991 | D:8      | Noticed Psyche
  7993 | D:8      | Killed Psyche
  7994 | D:8      | Reached XP level 10. HP: 55/60 MP: 22/22
  8044 | D:8      | Found a runed translucent gate.
  8044 | D:8      | Found a runed translucent gate.
  8044 | D:8      | Found a runed translucent gate.
  8045 | D:8      | Noticed Megustar's ghost (novice DEFE)
  8378 | D:8      | Found a staircase to the Lair.
  8393 | D:8      | Reached skill level 11 in Earth Magic
  8517 | D:8      | Reached skill level 1 in Conjurations
  8540 | D:7      | Reached * piety under Vehumet
  8540 | D:7      | Offered knowledge of Freeze by Vehumet.
  8590 | D:7      | HP: 2/60 [yak (11)]
  8846 | D:8      | Learned a level 4 spell: Flame Wave
  8895 | D:9      | Noticed a manticore
  8915 | D:9      | Noticed a white ugly thing
  8948 | D:9      | Noticed a deep elf pyromancer
  8952 | D:9      | Killed a manticore
  8957 | D:9      | Killed a deep elf pyromancer
  8958 | D:9      | Reached skill level 1 in Fire Magic
  9586 | D:9      | Reached skill level 10 in Spellcasting
  9586 | D:9      | Reached XP level 11. HP: 55/64 MP: 23/25
  9680 | D:9      | Found Imuzoiwick's Antique Armour Boutique.
  9836 | D:9      | Upgraded the game from 0.29-a0-885-gb26ba3297d to
                  | 0.29-a0-887-gcbe080d7e0
  9863 | D:10     | Entered Level 10 of the Dungeon
  9907 | D:10     | Noticed a two-headed ogre
  9912 | D:10     | Killed a two-headed ogre
  9913 | D:10     | Reached skill level 12 in Earth Magic
  9987 | D:10     | Offered knowledge of Foxfire by Vehumet.
 10075 | D:10     | Reached ** piety under Vehumet
 10163 | D:10     | Found a staircase to the Orcish Mines.
 10511 | D:10     | Found a flagged portal.
 10517 | Bailey   | Entered a bailey
 10557 | Bailey   | Offered knowledge of Mephitic Cloud by Vehumet.
 10902 | Bailey   | Noticed a two-headed ogre
 10919 | Bailey   | Killed a two-headed ogre
 10920 | Bailey   | Reached skill level 5 in Conjurations
 11126 | D:10     | Learned a level 3 spell: Mephitic Cloud
 11437 | D:10     | Identified a scroll of acquirement
 11437 | D:10     | Acquired 795 gold pieces
 11523 | Lair:1   | Entered Level 1 of the Lair of Beasts
 11603 | Lair:1   | Reached *** piety under Vehumet
 11612 | Lair:1   | Reached skill level 13 in Earth Magic
 11825 | Lair:1   | Reached XP level 12. HP: 47/71 MP: 27/27
 11929 | Lair:1   | Reached skill level 1 in Armour
 12357 | Lair:1   | Noticed a five-headed hydra
 12362 | Lair:1   | Killed a five-headed hydra
 12362 | Lair:1   | Offered knowledge of Iskenderun's Mystic Blast by Vehumet.
 12543 | Lair:1   | Noticed a four-headed hydra
 12602 | Lair:1   | Killed a four-headed hydra
 12603 | Lair:1   | Reached skill level 1 in Maces & Flails
 12747 | Lair:2   | Learned a level 4 spell: Iskenderun's Mystic Blast
 12918 | Lair:2   | Found a staircase to the Swamp.
 12925 | Lair:2   | Reached skill level 14 in Earth Magic
 13491 | Lair:2   | Acquired the +0 fire dragon scales "Payrut" {+Blink rF++
                  | rC- Str+3 Dex+4 Slay-2}
 13538 | Lair:3   | HP: 3/71 [dream sheep (6)]
 13544 | Lair:3   | Demolished by a komodo dragon

Illustrated notes

Levels and vault maps discovered:
D:1:      dpeg_arrival_long_road, layout_loops_corners
D:2:      layout_basic, chequers_ecumenical_altar_grove, uniq_natasha
D:3:      layout_rooms
D:4:      layout_basic, serial_shops, nicolae_square_shop, cheibrodos_gnoll_hut,
          uniq_blork_the_orc, uniq_eustachio
D:5:      layout_loops_ring, minmay_misc_feat_four_crosses, serial_bayou_pond_e,
          hangedman_decor_points, uniq_crazy_yiuf_cottage
D:6:      layout_loops_ring
D:7:      layout_loops_ring, mainiacjoe_overflow_alcove_3,
          minmay_temple_entry_offerings
D:8:      layout_gridville, lair_entry_dummy, gammafunk_ghost_spectres,
          uniq_psyche
D:9:      layout_cross, serial_shops, nicolae_shop_statue_plus,
          minmay_diamond_spiral
D:10:     layout_basic, kennysheep_orc_monster_closet_entryway, enter_bailey_3
Temple:   compressed_dpeg_circular_temple
Lair:1:   layout_cave_pods, hangedman_lair_generics_rect
Lair:2:   layout_regular_city, skrybe_swamp_entry_bodies, uniq_erica
Lair:3:   layout_cave_pods, guppyfry_snake_entry_garden,
          ebering_ghost_inner_flame, serial_bayou_shore_b, lemuel_fruit_tree,
          lemuel_fruit_fields

Skill      XL: |  1  2  3  4  5  6  7  8  9 10 11 12 |
---------------+-------------------------------------+-----
Earth Magic    | 4 5 6 7 8 10 11 13 14 | 14.3
Fighting       | 1 2 4 5 6 |  6.5
Spellcasting   | 3 4 5 7 8 10 11 | 11.7
Dodging        | 2 3 4 |  4.1
Conjurations   | 3 6 7 |  7.7
Fire Magic     | 2 4 |  4.0
Armour         | 2 |  2.5
Maces & Flails | 1 |  1.2
Stealth        | |  2.1
Transmutations | |  0.7

Action                   |  1- 3 |  4- 6 |  7- 9 | 10-12 || total
-------------------------+-------+-------+-------+-------++-------
Melee: Unarmed           |     4 |       |       |       ||     4
       Whip              |       |    12 |     4 |       ||    16
       Flail             |       |       |    10 |       ||    10
       Mace              |       |       |     2 |    54 ||    56
       Punch             |       |       |       |     1 ||     1
 Cast: Sandblast         |    43 |    91 |   147 |   135 ||   416
       Stone Arrow       |       |       |    42 |   158 ||   200
       Flame Wave        |       |       |       |     2 ||     2
       Iskenderun's Myst |       |       |       |     7 ||     7
  Use: Scroll            |       |    13 |     9 |    12 ||    34
       Potion            |       |       |       |     4 ||     4
Armor: Robe              |    17 |    33 |    62 |   114 ||   226
       Steam dragon scal |       |       |       |    29 ||    29
       Acid dragon scale |       |       |       |    29 ||    29
       Fire dragon scale |       |       |       |     8 ||     8
Dodge: Dodged            |    53 |    54 |    89 |   278 ||   474

Table legend: (Time is in decaauts)
 A = Elapsed time spent in this place.
 B = Non-inter-level travel time spent in this place.
 C = Inter-level travel time spent in this place.
 D = Time resting spent in this place.
 E = Time spent auto-exploring this place.
 F = Levels seen in this place.
 G = Mean time per level.
                   A        B        C        D        E       F      G
               +--------+--------+--------+--------+--------+-----+--------+
         Total |  14011 |  13626 |    385 |    998 |   9511 |  15 |  934.1 |
       Dungeon |  11263 |  10916 |    347 |    628 |   7906 |  10 | 1126.3 |
        Temple |     91 |     75 |     16 |      0 |     52 |   1 |   91.0 |
          Lair |   2057 |   2036 |     21 |     77 |   1502 |   3 |  685.7 |
        Bailey |    598 |    598 |      0 |    293 |     50 |   1 |  598.0 |
               +--------+--------+--------+--------+--------+-----+--------+

Top non-repeatable levels by time:
     D:2: 1559 daAuts
     D:4: 1414 daAuts
     D:8: 1373 daAuts
     D:1: 1293 daAuts
  Lair:1: 1234 daAuts
     D:7: 1122 daAuts
    D:10: 1092 daAuts
     D:6: 1041 daAuts
     D:5: 955 daAuts
     D:9: 823 daAuts
  Lair:2: 781 daAuts
  Bailey: 598 daAuts
     D:3: 587 daAuts
  Temple: 91 daAuts
  Lair:3: 41 daAuts
